 Dungeon Crawl Stone Soup version 0.20-a0-1116-gaa52201 (console) character file.

583 nht the Chopper (level 7, -3/45 HPs)
             Began as a Formicid Hunter on May 8, 2017.
             Was an Initiate of Okawaru.
             Slain by a gnoll
             ... wielding a +0 spear
              (9 damage)
             ... on level 4 of the Dungeon.
             The game lasted 00:06:06 (4124 turns).

nht the Chopper (Formicid Hunter)                   Turns: 4124, Time: 00:06:07

Health: -3/45      AC:  4    Str: 20    XL:     7   Next: 64%
Magic:  7/7        EV: 13    Int: 11    God:    Okawaru [......]
Gold:   297        SH:  4    Dex:  6    Spells: 6/6 levels left

rFire    + . .     SeeInvis +   b - +1 hand crossbow
rCold    + . .     Gourm    .   (no shield)
rNeg     . . .     Faith    .   c - +0 leather armour
rPois    .         Spirit   .   (helmet unavailable)
rElec    .         Reflect  .   w - +0 cloak
rCorr    .         Harm     .   (no gloves)
MR       .....     Clarity  +   (no boots)
Stlth    +.........             (no amulet)
Regen    0.2/turn               t - ring "Kushasch" {+Fly rC+ EV+2 Dex-5 SInv}
MPRegen  0.1/turn               v - ring of protection from fire

@: no status effects
A: permanent stasis, dig shafts and tunnels, four strong arms, antennae 3, large
bone plates 1, clarity, frail 1, strong 1
a: Dig, Shaft Self, Renounce Religion, Evoke Flight


You were on level 4 of the Dungeon.
You worshipped Okawaru.
Okawaru was noncommittal.
You were not hungry.

You visited 1 branch of the dungeon, and saw 6 of its levels.

You collected 297 gold pieces.

Inventory:

Hand Weapons
 a - a +2 war axe of chopping
 b - a +1 hand crossbow (weapon)
Missiles
 d - 39 bolts (quivered)
Armour
 c - a +0 leather armour (worn)
 w - a +0 cloak (worn)
Magical Staves
 x - an uncursed staff of wizardry {unknown}
Jewellery
 t - the ring "Kushasch" (left hand) {+Fly rC+ EV+2 Dex-5 SInv}
   (You found it on level 6 of the Dungeon)

   [ring of evasion]

   It affects your evasion (+2).
   It affects your dexterity (-5).
   It protects you from cold.
   It lets you see invisible.
   It lets you fly.
 v - a ring of protection from fire (right hand)
Wands
 A - a wand of digging (9/24)
Scrolls
 e - 3 scrolls of fear {unknown}
 h - 2 scrolls of identify
 i - 3 scrolls of remove curse {unknown}
 j - 3 scrolls of teleportation {unknown}
 k - 2 scrolls of enchant weapon {unknown}
 n - 3 scrolls of blinking {unknown}
 o - a scroll of recharging {unknown}
 r - a scroll of random uselessness {unknown}
 s - a scroll of magic mapping {unknown}
 u - 2 scrolls of noise {unknown}
Potions
 g - a potion of curing
 q - a potion of heal wounds
Books
 y - a book of Cantrips

   Spells                             Type                      Level
   a - Confusing Touch                Hexes                        1
   b - Animate Skeleton               Necromancy                   1
   c - Summon Small Mammal            Summoning                    1
   d - Apportation                    Translocation                1
Comestibles
 f - 7 bread rations
 l - 7 chunks of flesh
 m - 9 fruits
 p - a royal jelly


   Skills:
 - Level 2.1 Fighting
 + Level 6.4 Axes
 - Level 5.6 Crossbows
 - Level 1.7 Dodging
 - Level 1.2 Stealth


You had 6 spell levels left.
You didn't know any spells.

Dungeon Overview and Level Annotations

Branches:
Dungeon (6/15)
 Temple: D:4-7

Altars:
Ashenzari
Dithmenos
Elyvilon
Makhleb
Okawaru
Sif Muna


Innate Abilities, Weirdness & Mutations

You cannot be hasted, slowed, berserked, paralysed or teleported.
You can dig through walls and to a lower floor.
Your four strong arms can wield two-handed weapons with a shield.
You have a pair of large antennae on your head. (SInv)
You are partially covered in large bone plates. (SH +4)
You possess an exceptional clarity of mind.
You are frail. (-10% HP)
Your muscles are strong. (Str +2)


Message History

Aim: a gnoll, wielding a spear You shoot a bolt.
The bolt hits the gnoll!
The gnoll is heavily wounded.
The gnoll hits you from afar with a spear.
* * * LOW HITPOINT WARNING * * *
The gnoll hits you but does no damage.
You are too injured to fight recklessly!
It was a potion of mutation.
You feel extremely strange.
You feel stronger.
Large bone plates grow over parts of your arms.
You feel frail.
Your thoughts seem clearer.
Firing (i - inventory):
d - 40 bolts (quivered)
Press: ? - help, Shift-Dir - straight line, f/p - gnoll
Aim: a gnoll, wielding a spear (heavily wounded)
You shoot a bolt. The bolt hits the gnoll.
The gnoll is almost dead.
The gnoll hits you from afar with a spear.
* * * LOW HITPOINT WARNING * * *
The gnoll hits you from afar with a spear!
You die...

.... ......███...█ ....
...(.██...██ ....
........).█ .... . ███
██████.....██ ...? ...
███8███8████.....██ ....
...██8...8...8....[...██
!...
.Z.██.............██....
.... .
...█>........._█.███████
... .....██..@......██.█
.....██8...8...8██..█
.... ███8█g█8████..█
.....█████)█████ ██..█
.((.....[g.....█ █..█
...((((.....).██ █..█
.............██ █..█
.......███████ █..█
.....██ █..


You could see a gnoll and an adder skeleton (wandering).

Vanquished Creatures
  A bullfrog (D:6)
  A hound (D:3)
  2 orc priests (D:4)
  An iguana (D:6)
  Ijyb (D:4)
  4 orc wizards (D:4)
  2 worker ants
  Robin (D:2)
  4 gnolls
  3 adders (D:2)
  3 oozes
  9 worms
  3 leopard geckos
  6 orcs
  5 giant cockroaches
  15 goblins
  13 hobgoblins
  5 jackals (D:3)
  5 quokkas
  A ball python (D:2)
  7 bats
  5 frilled lizards
  8 kobolds
  10 rats
115 creatures vanquished.

Notes
Turn   | Place    | Note
-------+----------+-------------------------------------------
     0 | D:1      | nht the Formicid Hunter began the quest for the Orb.
     0 | D:1      | Reached XP level 1. HP: 16/16 MP: 1/1
    59 | D:1      | Reached XP level 2. HP: 22/22 MP: 2/2
   187 | D:1      | Reached XP level 3. HP: 27/27 MP: 3/3
   447 | D:1      | Reached skill level 5 in Crossbows
  1123 | D:2      | Found a deep blue altar of Sif Muna.
  1181 | D:2      | Reached XP level 4. HP: 22/33 MP: 4/4
  1429 | D:2      | Noticed Robin
  1466 | D:2      | Killed Robin
  1466 | D:2      | Reached skill level 1 in Axes
  1470 | D:2      | Reached XP level 5. HP: 4/38 MP: 5/5
  1813 | D:2      | Reached skill level 2 in Axes
  2887 | D:3      | Reached skill level 3 in Axes
  2959 | D:3      | Found a white marble altar of Elyvilon.
  2993 | D:3      | Reached XP level 6. HP: 32/44 MP: 6/6
  3025 | D:3      | Found a burning altar of Makhleb.
  3195 | D:3      | Found a shattered altar of Ashenzari.
  3212 | D:3      | Found a shadowy altar of Dithmenos.
  3503 | D:4      | Noticed Ijyb
  3504 | D:4      | You fall through a shaft for 2 floors!
  3511 | D:6      | Reached skill level 4 in Axes
  3788 | D:6      | Got a smoking turquoise ring
  3790 | D:6      | Identified the ring "Kushasch" {+Fly rC+ EV+2 Dex-5 SInv} (You found it on level 6 of the Dungeon)
  3796 | D:5      | Entered Level 5 of the Dungeon
  3872 | D:5      | Reached skill level 5 in Axes
  3874 | D:5      | Noticed an ogre
  3915 | D:4      | Reached XP level 7. HP: 36/50 MP: 7/7
  4020 | D:4      | Reached skill level 6 in Axes
  4060 | D:4      | Found an iron altar of Okawaru.
  4068 | D:4      | Killed Ijyb
  4084 | D:4      | Became a worshipper of Warmaster Okawaru
  4122 | D:4      | Gained mutation: Your muscles are strong. (Str +2) [potion of mutation]
  4122 | D:4      | Gained mutation: You are partially covered in large bone plates. (SH +4) [potion of mutation]
  4122 | D:4      | Gained mutation: You are frail. (-10% HP) [potion of mutation]
  4122 | D:4      | Gained mutation: You possess an exceptional clarity of mind. [potion of mutation]
  4124 | D:4      | Slain by a gnoll

Vault maps used:
D:1:      saegor_arrival_simple_c, st_stairs_4, kennysheep_another_room,
          minmay_door_square
D:2:      lemuel_crystal_altar, minmay_randomly_rotated_circles, uniq_robin
D:3:      lemuel_crystal_altar, lemuel_round_altar, cheibrodos_ashenzari_chains,
          first_bread, minivault_5, makhleb_blood_cavern_becter
D:4:      nicolae_overflow_hidden_temple, uniq_ijyb
D:5:      st_stairs_7, uniq_edmund
D:6:      minmay_temple_entry_statues_pillars, serial_shops, shop_fountains,
          kennysheep_mini, nicolae_shop_stone, nicolae_shop_statue_plus,
          uniq_blork_the_orc, uniq_crazy_yiuf_cottage

Skill      XL: |  1  2  3  4  5  6  7 |
---------------+----------------------+-----
Crossbows      | 5 |  5.6
Axes           | 1 3 5 6 |  6.4
Fighting       | |  2.1
Dodging        | |  1.7
Stealth        | |  1.2

Action                   |  1- 3 |  4- 6 |  7- 9 || total
-------------------------+-------+-------+-------++-------
Melee: Hand axe          |       |   106 |       ||   106
       War axe           |       |    95 |    10 ||   105
 Fire: Hand crossbow     |    65 |    59 |    39 ||   163
  Use: Potion            |       |     2 |     2 ||     4
       Scroll            |       |     2 |       ||     2
 Stab: Sleeping          |       |     4 |       ||     4
  Eat: Chunk             |     1 |     9 |       ||    10
Armor: Leather armour    |     3 |    43 |     5 ||    51
Dodge: Dodged            |    12 |   164 |    15 ||   191
